 Dungeon Crawl Stone Soup version 0.17-a0-1181-gabc46e6 (webtiles) character file.

55 Goodini51 the Chucker (level 3, -2/21 HPs)
             Began as a High Elf Wanderer on June 1, 2015.
             Slain by a worm (9 damage)
             ... on level 2 of the Dungeon.
             The game lasted 00:04:36 (1352 turns).

Goodini51 the Chucker (High Elf Wanderer)           Turns: 1352, Time: 00:04:36

Health: -2/21      AC:  4    Str: 12    XL:     3   Next: 67%
Magic:  6/6        EV: 12    Int: 15    God:
Gold:   122        SH:  0    Dex: 15    Spells: 1 memorised, 3 levels left

rFire  . . .     SeeInvis .     e - +0 dagger
rCold  . . .     Clarity  .     i - +0 leather armour
rNeg   . . .     SustAt   .     (no shield)
rPois  .         Gourm    .     (no helmet)
rElec  .         Spirit   .     (no cloak)
rCorr  .         Warding  .     k - +0 pair of gloves
rMut   .         Stasis   .     (no boots)
MR     .....                    (no amulet)
Stlth  +.........               (no ring)
                                (no ring)

@: not resistant to hostile enchantments, very unstealthy
A: no striking features
a: no special abilities


You were on level 2 of the Dungeon.
You were near starving.

You visited 1 branch of the dungeon, and saw 2 of its levels.

You collected 122 gold pieces.

Inventory:

Hand weapons
 e - a +0 dagger (weapon)
Missiles
 g - 7 arrows
Armour
 d - a +0 robe
 i - a +0 leather armour (worn)
 k - a +0 pair of gloves (worn)
 m - a +0 shield
 o - a +0 robe
Scrolls
 c - a scroll of teleportation
 h - a scroll of fear {unknown}
 j - a scroll of remove curse
 l - a scroll of magic mapping {unknown}
Potions
 n - a potion of curing {unknown}
 q - a potion of cancellation {unknown}
Books
 a - a book of Changes

   Spells                             Type                      Level
   a - Beastly Appendage              Transmutation                1
   b - Sticks to Snakes               Transmutation                2
   c - Spider Form                    Transmutation/Poison         3
   d - Ice Form                       Ice/Transmutation            4
   e - Blade Hands                    Transmutation                5
 b - the Reference Book on Companions

   Spells                             Type                      Level
   a - Summon Butterflies             Summoning                    1
   b - Recall                         Summoning/Translocation      3
Comestibles
 f - 3 bread rations
 p - a meat ration


   Skills:
 + Level 0.2 Fighting
 + Level 0.2 Short Blades
   Level 2.0 Staves
 + Level 3.4 Throwing
 + Level 0.3 Armour
 + Level 1.7 Dodging
 + Level 0.5 Stealth
 + Level 1.4 Spellcasting
   Level 1.7 Summonings
 + Level 2.8 Transmutations


You had 3 spell levels left.
You knew the following spells:

 Your Spells              Type           Power        Failure   Level  Hunger
a - Beastly Appendage     Trmt           #.....       12%         1    ##.....


Dungeon Overview and Level Annotations

Branches:
Dungeon (2/15)

Altars:
Cheibriados


Message History

You hit the worm.
The worm is severely wounded.
You hit the worm.
The worm is severely wounded.
The worm closely misses you.
You completely miss the worm.
The worm is severely wounded.
You hit the worm.
The worm is severely wounded.
The worm bites you.
You hit the worm but do no damage.
The worm is severely wounded.
The worm bites you.
You hit the worm. Your kick misses the worm.
The worm is severely wounded.
You hit the worm but do no damage.
The worm is severely wounded.
Your talons disappear.
The worm bites you!
You die...

.. .....# ....
(.. ..#.# ...##
..##.#.##.....
...........#.
..##..>.....?..
...#.......#....
.!.......w..#....
.........@.......
................
................
##............#
#.............#
###.......###.#.#
#.........# ...#
.. ###.#.......#
... ...
#.....#...#.# ..


You could see a worm.

Vanquished Creatures
  Jessica (D:2)
  An ooze (D:1)
  A giant gecko (D:1)
  3 ball pythons (D:1)
  3 hobgoblins (D:1)
  A bat (D:1)
  A giant cockroach (D:1)
  5 goblins (D:1)
  6 kobolds
  4 rats (D:1)
  A fungus (D:1)
27 creatures vanquished.

Notes
Turn   | Place    | Note
--------------------------------------------------------------
     0 | D:1      | Goodini51 the High Elf Wanderer began the quest for the Orb.
     0 | D:1      | Goodini51 set off with: a book of Changes, the Reference Book on Companions, a scroll of teleportation, a +0 robe, a +0 dagger, a bread ration
     0 | D:1      | Reached XP level 1. HP: 11/11 MP: 3/3
     0 | D:1      | Identified the Reference Book on Companions
     2 | D:1      | Learned a level 1 spell: Beastly Appendage
   182 | D:1      | Reached XP level 2. HP: 17/17 MP: 2/4
   414 | D:1      | Reached skill level 3 in Throwing
  1254 | D:2      | Found a snail-covered altar of Cheibriados.
  1263 | D:2      | Noticed Jessica
  1285 | D:2      | Killed Jessica
  1285 | D:2      | Reached XP level 3. HP: 18/21 MP: 4/6
  1352 | D:2      | Slain by a worm

Vault maps used:
D:1:      minmay_arrival_loop, minmay_gold_behind_fungi, minmay_quantized
D:2:      nicolae_overflow_hidden_temple, uniq_jessica

Action                   || total
-------------------------++-------
Melee: Dagger            ||   141
 Cast: Beastly Appendage ||    11
  Use: Scroll            ||     1
 Stab: Sleeping          ||     1
